 Dungeon Crawl Stone Soup version 0.31.0-11-ge490571c62 (webtiles) character file.

Game seed: 13579272857058574282

1452698 shadowrider38 the Hand of Fortune (level 26, 251/251 HPs)
             Began as a Hill Orc Gladiator on Jan 27, 2024.
             Was the Champion of Nemelex Xobeh.
             Escaped with the Orb
             ... and 3 runes!
             The game lasted 02:31:12 (88765 turns).

shadowrider38 the Hand of Fortune (HOGl)           Turns: 88765, Time: 02:31:13

Health: 251/251    AC: 50    Str: 38    XL:     26   Next: 57%
Magic:  36/36      EV: 14    Int:  8    God:    Nemelex Xobeh [******]
Gold:   2683       SH: 25    Dex: 18    Spells: 25/25 levels left

rFire   + + +        a - +9 broad axe (flame)
rCold   + + +        l - +0 tower shield
rNeg    + . .        i - +9 gold dragon scales
rPois   +            w - +2 helmet of the Spheres {rC+ rN+ Str+3}
rElec   +            n - +2 cloak {rC+}
rCorr   +            O - +2 pair of gloves
SInv    .            y - +1 pair of boots of Ewnewel {Harm rF+ Will+}
Will    +++..        u - amulet "Vyatt" {Faith +Blink rF+ Will+ rCorr} Stlth
                     m - ring of Paranoia {rElec rF- Str+6 Dex+6}
HPRegen 0.61/turn    R - ring of the Octopus King {rF+ HP+2 AC+2 EV+2 SH+2}
MPRegen 0.25/turn

%: harm (+30% outgoing, +20% incoming), faith
@: studying 2 skills
A: low MP 1
0: Orb of Zot
}: 3/15 runes: decaying, silver, gossamer
a: Renounce Religion, Evoke Blink, Draw Escape, Draw Destruction, Draw
Summoning, Draw Stack, Triple Draw, Deal Four, Stack Five


You escaped.
You worshipped Nemelex Xobeh.
Nemelex Xobeh was exalted by your worship.
You visited 10 branches of the dungeon, and saw 48 of its levels.
You visited 1 bazaar.
You also visited: Sewer and Ice Cave.

You collected 6589 gold pieces.
You spent 3906 gold pieces at shops.

Inventory:

Hand Weapons
 a - a +9 broad axe of flaming (weapon)
 b - a +7 broad axe of electrocution
 f - a +2 spectral demon trident
 N - the +3 glaive of Modesty {speed, rPois MP+9}
   (You took it off a draconian scorcher on level 3 of the Realm of Zot)

   rPois:     It protects you from poison MP+9: It affects your magic capacity
   (+9).
Missiles
 t - 26 boomerangs (quivered)
 x - 5 silver javelins
 F - 10 curare-tipped darts
 Z - 5 throwing nets
Armour
 i - +9 gold dragon scales (worn)
 l - a +0 tower shield (worn)
 n - a +2 cloak of cold resistance (worn)
 v - a scarf of resistance
 w - the +2 helmet of the Spheres (worn) {rC+ rN+ Str+3}
   (You found it on level 4 of the Spider Nest)

   Str+3:     It affects your strength (+3).
   rC+:       It protects you from cold.
   rN+:       It protects you from negative energy.
 y - the +1 pair of boots of Ewnewel (worn) {Harm rF+ Will+}
   (You acquired it on level 3 of the Vaults)

   rF+:       It protects you from fire.
   Will+:     It increases your willpower.
   Harm:      It increases damage dealt and taken.
 O - a +2 pair of gloves (worn)
Jewellery
 m - the ring of Paranoia (left hand) {rElec rF- Str+6 Dex+6}
   (You took it off a deep elf knight on level 3 of the Elven Halls)

   [ring of strength]

   Str+6:     It affects your strength (+6).
   Dex+6:     It affects your dexterity (+6).
   rF-:       It makes you vulnerable to fire.
   rElec:     It insulates you from electricity.
 o - the ring "Xioly" {rPois EV+5}
   (You took it off a deep elf high priest on level 5 of the Vaults)

   [ring of evasion]

   EV+5:      It affects your evasion (+5).
   rPois:     It protects you from poison
 s - a ring of see invisible
 u - the amulet "Vyatt" (around neck) {Faith +Blink rF+ Will+ rCorr}
   (You took it off a deep elf death mage on level 3 of the Elven Halls)

   [amulet of faith]

   Faith:     It allows you to gain divine favour quickly.
   rF+:       It protects you from fire.
   Will+:     It increases your willpower.
   +Blink:    It lets you blink.
   rCorr:     It protects you from acid and corrosion.
 R - a ring of the Octopus King (right hand) {rF+ HP+2 AC+2 EV+2 SH+2}
   (You took it off a deep elf elementalist on level 3 of the Elven Halls)

   [ring of protection from fire]

   AC+2:      It affects your AC (+2).
   EV+2:      It affects your evasion (+2).
   rF+:       It protects you from fire.
   HP+2:      It affects your health (+2).
   SH+2:      It affects your SH (+2).
 W - the ring "Hoch" {Ice +Blink rElec}
   (You took it off Josephina on level 2 of the Depths)

   [ring of ice]

   Ice:       It enhances your ice magic.
   rF-:       It makes you vulnerable to fire.
   rC+:       It protects you from cold.
   rElec:     It insulates you from electricity.
   +Blink:    It lets you blink.
Wands
 d - a wand of polymorph (28)
 k - a wand of quicksilver (15)
 z - a wand of roots (43)
 D - a wand of digging (14)
 P - a wand of paralysis (45)
Scrolls
 e - 7 scrolls of immolation
 g - 6 scrolls of fog
 p - 4 scrolls of summoning
 B - 3 scrolls of blinking
 I - a scroll of revelation
 J - 7 scrolls of fear
 L - 6 scrolls of poison
 S - 5 scrolls of vulnerability
 T - 9 scrolls of teleportation
 V - a scroll of silence {!r}
Potions
 c - a potion of cancellation
 h - 3 potions of magic
 j - 10 potions of mutation
 q - 6 potions of enlightenment
 r - 6 potions of lignification
 C - 7 potions of berserk rage
 E - 13 potions of heal wounds
 G - 5 potions of resistance
 H - 4 potions of haste
 M - 5 potions of invisibility
 Q - 17 potions of curing
 X - 8 potions of ambrosia
 Y - 7 potions of might
Miscellaneous
 A - a lightning rod (4/4)
 K - a phantom mirror
 U - a phial of floods (inert)


   Skills:
 + Level 22.8 Fighting
 - Level 15.3(18.0) Axes
 - Level 13.2(15.4) Polearms
 - Level 12.0 Throwing
 + Level 22.3 Armour
 - Level 8.0 Dodging
 + Level 22.3 Shields
 O Level 27 Invocations
 - Level 12.0 Evocations


You had 25 spell levels left.
You didn't know any spells.
Your spell library contained the following spells:

 Spells                   Type           Power      Damage    Failure   Level
 Apportation              Tloc           0%         N/A       96%         1
 Foxfire                  Conj/Fire      0%         2x1d4     96%         1
 Kiss of Death            Conj/Necr      0%         2d5       96%         1
 Necrotise                Necr           0%         1d4       96%         1
 Shock                    Conj/Air       0%         1d3       96%         1
 Slow                     Hex            0%         N/A       96%         1
 Sting                    Conj/Alch      0%         1d3       96%         1
 Summon Small Mammal      Summ           0%         N/A       96%         1
 Blink                    Tloc           0%         N/A       99%         2
 Call Imp                 Summ           0%         N/A       99%         2
 Ensorcelled Hibernation  Hex/Ice        0%         N/A       99%         2
 Jinxbite                 Hex            0%         N/A       99%         2
 Lesser Beckoning         Tloc           0%         N/A       99%         2
 Mercury Vapours          Alch/Air       0%         N/A       99%         2
 Momentum Strike          Conj/Tloc      0%         3d8       99%         2
 Static Discharge         Conj/Air       0%         3-3/arc   99%         2
 Sublimation of Blood     Necr           0%         N/A       99%         2
 Call Canine Familiar     Summ           0%         N/A       100%        3
 Confusing Touch          Hex            0%         N/A       100%        3
 Frozen Ramparts          Ice            0%         1d1       100%        3
 Fugue of the Fallen      Necr           0%         N/A       100%        3
 Gell's Gravitas          Tloc           0%         N/A       100%        3
 Hailstorm                Conj/Ice       0%         3d5       100%        3
 Inner Flame              Hex/Fire       0%         N/A       100%        3
 Mephitic Cloud           Conj/Alch/Air  0%         N/A       100%        3
 Ozocubu's Armour         Ice            0%         N/A       100%        3
 Passwall                 Erth           0%         N/A       100%        3
 Sigil of Binding         Hex            0%         N/A       100%        3
 Swiftness                Air            0%         N/A       100%        3
 Teleport Other           Tloc           0%         N/A       100%        3
 Tukima's Dance           Hex            0%         N/A       100%        3
 Vampiric Draining        Necr           0%         2d6       100%        3
 Airstrike                Air            0%         2d(0-16)  100%        4
 Brom's Barrelling Bould  Conj/Erth      0%         2d3       100%        4
 Cause Fear               Hex            0%         N/A       100%        4
 Dimensional Bullseye     Hex/Tloc       0%         N/A       100%        4
 Iskenderun's Mystic Bla  Conj/Tloc      0%         2d3       100%        4
 Leda's Liquefaction      Alch/Erth      0%         N/A       100%        4
 Manifold Assault         Tloc           0%         N/A       100%        4
 Martyr's Knell           Necr/Summ      0%         N/A       100%        4
 Summon Blazeheart Golem  Fire/Summ      0%         N/A       100%        4
 Summon Lightning Spire   Summ/Air       0%         N/A       100%        4
 Alistair's Intoxication  Alch           0%         N/A       100%        5
 Borgnjor's Vile Clutch   Necr/Erth      0%         N/A       100%        5
 Curse of Agony           Necr           0%         N/A       100%        5
 Fireball                 Conj/Fire      0%         3d3       100%        5
 Freezing Cloud           Conj/Ice/Air   0%         6-21      100%        5
 Irradiate                Conj/Alch      0%         3d11      100%        5
 Iskenderun's Battlesphe  Conj           0%         2d6       100%        5
 Lee's Rapid Deconstruct  Erth           0%         3d4*      100%        5
 Metabolic Englaciation   Hex/Ice        0%         N/A       100%        5
 Summon Forest            Summ/Tloc      0%         N/A       100%        5
 Summon Mana Viper        Hex/Summ       0%         N/A       100%        5
 Yara's Violent Unravell  Hex/Alch       0%         3d3       100%        5
 Bombard                  Conj/Erth      0%         9d1       100%        6
 Conjure Ball Lightning   Conj/Air       0%         3x3d6     100%        6
 Dispersal                Tloc           0%         N/A       100%        6
 Eringya's Noxious Bog    Alch           0%         4d6       100%        6
 Sculpt Simulacrum        Ice/Alch       0%         N/A       100%        6
 Starburst                Conj/Fire      0%         6d3       100%        6
 Summon Cactus Giant      Summ           0%         N/A       100%        6
 Enfeeble                 Hex            0%         N/A       100%        7
 Orb of Destruction       Conj           0%         9d5       100%        7
 Summon Hydra             Summ           0%         N/A       100%        7
 Ignition                 Fire           0%         3d3       100%        8
 Summon Horrible Things   Summ           0%         N/A       100%        8
 Chain Lightning          Conj/Air       0%         N/A       100%        9
 Dragon's Call            Summ           0%         N/A       100%        9


Dungeon Overview and Level Annotations

Branches:
Dungeon (15/15)            Temple (1/1) D:6            Lair (5/5) D:9
  Swamp (4/4) Lair:3       Spider (4/4) Lair:2          Orc (2/2) D:11
    Elf (3/3) Orc:2        Vaults (5/5) D:14          Crypt (0/3) Vaults:3
 Depths (4/4) D:15            Zot (5/5) Depths:4      Sewer (visited)
  IceCv (visited)
  Slime: Lair:4-5

Altars:
Ashenzari
Cheibriados
Dithmenos
Elyvilon
Fedhas
Gozag
Hepliaklqana
Kikubaaqudgha
Makhleb
Nemelex Xobeh
Okawaru
Qazlal
Ru
Sif Muna
Trog
Uskayaw
Vehumet
Wu Jian
Xom
Yredelemnul
Zin
The Shining One
Beogh
Jiyva

Shops:
D:7 :   Orc:2 *[:(   Elf:1 (   Elf:2 :   Vaults:1 (   Vaults:3 ?(
Vaults:5 !!!   Depths:1 (   Depths:2 !!

Portals:
Hell: Depths:1 Depths:2 Depths:3 Depths:4
Abyss: Depths:3
Pandemonium: Depths:1 Depths:2 Depths:4
Ziggurat: Depths:2
Trove: Elf:2 (give 4 scrolls of blinking)

Annotations:
D:1 exclusion: downstairs
D:8 exclusion: downstairs
D:10 exclusion: downstairs
D:11 exclusion: downstairs
Lair:2 exclusion: 2 downstairs
Lair:4 1 runed translucent door, exclusion: 2 downstairs, ojifijod's ghost, journeyman DrMo
Lair:5 exclusion: 2 oklob plants
Spider:2 exclusion: downstairs
Elf:1 6 transporters, exclusion: downstairs
Depths:2 exclusion: 2 downstairs


Innate Abilities, Weirdness & Mutations

Your magical capacity is low. (-10% MP)


Message History

Items here: ( )) = [.
Things that are here:
3 poisoned darts; a +0 whip; a +0 dagger
There is a stone staircase leading up here.
You climb upwards.
Level annotation: exclusion: downstairs
There is a stone staircase leading down here.
There is a stone staircase leading up here.
You climb upwards.
There is a stone staircase leading down here.
There is a stone staircase leading up here.
You climb upwards.
Level annotation: exclusion: downstairs
There is a stone staircase leading down here.
There is a stone staircase leading up here.
You climb upwards.
There is a stone staircase leading down here.
HP restored.
There is a stone staircase leading up, spattered with blood here.
You climb upwards.
There is a stone staircase leading down here.
There is a stone staircase leading up here.
You climb upwards.
There is a stone staircase leading down here.
Things that are here:
a +0 leather armour; a +0 hand axe
Things that are here:
a +0 flail; a +0 leather armour; a +0 trident
There is a stone staircase leading up here.
You climb upwards.
There is a stone staircase leading down here.
There is a stone staircase leading up here.
You climb upwards.
There is a stone staircase leading down here.
You see here a +0 dagger.
There is a stone staircase leading up here.
You climb upwards.
There is a stone staircase leading down here.
There is a stone staircase leading up here.
You climb upwards.
Level annotation: exclusion: downstairs
There is a stone staircase leading down here.
Unknown command.
What level of the Dungeon? (default 1, ? - help) You're already here!
Unknown command.
Things that are here:
a +0 club; 3 stones; a +0 dagger
There is a staircase leading out of the dungeon here.
You have escaped!

##.# ##...#..###..# ###### ##.#
#....#...##.## #..... .).#
#...####.##.# #.#### .### #...#
#..##.# #.##.. #.# ##.## ##.##.#
#.##)# .## ###.####..##.# #.##.#
## #....##..##..# #..... #
#........###.# ####.# #
###..@.### #.# #.# # ##...# #.#
#.# ######## ##### #.# #.#
.......# #.# #.# #####..# #.# #.#
.# #..# #.# #.# .# #..# ######
#.# #.# .####..###....# #.# #.#
.#..†.......#.#########.#######.#


There were no monsters in sight!

Vanquished Creatures
  3 dread liches
  2 orbs of fire (Zot:5)
  2 ancient liches
  A juggernaut (Depths:4)
  Sojobo (Depths:4)
  A pandemonium lord (Zot:5)
  Josephina (Depths:2)
  3 Killer Klowns (Zot:5)
  9 golden dragons
  A Tzitzimitl (Depths:4)
  2 electric golems (Zot:5)
  A bone dragon (Swamp:4)
  13 tentacled monstrosities
  24 Orb Guardians (Zot:5)
  A Hell Sentinel (Depths:3)
  Zenata (Vaults:3)
  Asterion (Vaults:1)
  A walking earthen tome (Depths:2)
  2 deep elf blademasters (Elf:3)
  5 liches
  5 sphinxes
  A walking frostbound tome (Depths:3)
  5 quicksilver dragons
  4 death cobs
  Frances (Swamp:1)
  2 deep elf master archers (Elf:3)
  Aizul (Spider:2)
  6 storm dragons
  13 shadow dragons
  8 tengu reavers
  Roxanne (Spider:2)
  7 protean progenitors
  Kirke (Lair:5)
  An azure jelly (IceCv)
  6 fire giants
  4 draconian monks
  A nargun (Depths:3)
  10 frost giants
  A draconian scorcher (Zot:3)
  8 emperor scorpions
  23 vault wardens
  An iron dragon (Depths:3)
  3 draconian shifters (Zot:5)
  2 deep elf elementalists (Elf:3)
  5 ghost moths
  A cacodemon (Depths:1)
  4 deep elf sorcerers (Elf:3)
  3 reapers
  2 draconian annihilators
  19 ironbound preservers
  17 very ugly things
  2 quicksilver oozes (IceCv)
  5 ironbound thunderhulks
  3 formless jellyfish
  21 stone giants
  A deep elf demonologist (Elf:3)
  6 black draconians
  5 deep elf annihilators
  5 eleionomae
  A lorocyproca (Depths:4)
  6 vampire knights
  8 deep elf death magi (Elf:3)
  4 green draconians
  3 bunyips
  6 white draconians
  8 purple draconians
  4 red draconians
  2 yellow draconians (Zot:5)
  3 war gargoyles
  A wendigo (Depths:3)
  10 dire elephants
  11 spark wasps
  A bunyip (shapeshifter) (Vaults:1)
  3 blizzard demons
  An eidolon (Depths:3)
  2 crystal guardians
  2 green deaths
  8 ettins
  7 fire dragons
  15 yaktaur captains
  A shambling mangrove (Swamp:1)
  6 entropy weavers
  6 deep elf high priests
  4 great orbs of eyes
  6 rakshasas
  8 alligators
  33 vault guards
  3 peacekeepers
  6 hydras
  5 spriggan air magi
  Fannar (Lair:2)
  A jorogumo (Spider:1)
  9 ice dragons
  An ogre mage (D:15)
  3 radroaches
  A ghost crab (Swamp:4)
  2 hell beasts
  7 boulder beetles
  2 caustic shrike simulacra (Depths:3)
  29 dancing weapons
  14 centaur warriors
  10 ironbound frosthearts
  4 death yaks
  6 tengu warriors
  6 deep troll earth magi
  A death scarab (Spider:4)
  8 two-headed ogres
  5 deep troll shamans
  12 demonic crawlers
  5 orc high priests
  7 spriggan berserkers
  2 occultists
  2 vampire magi
  A hell hog (Depths:3)
  2 skysharks
  2 soul eaters
  A titan skeleton (Depths:1)
  20 deep elf knights
  Lodul (D:14)
  A salamander mystic (Depths:1)
  24 hell knights
  A shadow wraith (Vaults:5)
  A sixfirhy (Depths:2)
  3 iron trolls (Depths:4)
  4 swamp dragons
  5 goliath frogs
  2 sun moths
  A shadow demon (Depths:4)
  A quicksilver dragon simulacrum (Depths:3)
  A spectral hydra (Swamp:4)
  9 arcanists
  A storm dragon skeleton (Vaults:4)
  2 orange crystal statues (Depths:3)
  3 glowing orange brains
  61 deep trolls
  6 bog bodies
  3 spriggan druids (Swamp:4)
  A deep troll (shapeshifter) (Vaults:5)
  6 deep elf archers
  17 ironbound convokers
  4 pharaoh ants
  12 steelbarb worms
  2 lindwurms (Vaults:1)
  11 orb spiders
  11 phantasmal warriors
  A steelbarb worm (shapeshifter) (Vaults:4)
  4 spectral alligators (Swamp:4)
  5 harpies
  4 orc knights
  A lindwurm (shapeshifter) (Vaults:5)
  3 alligator zombies (Swamp:4)
  27 deep elf pyromancers
  12 necromancers
  A sphinx simulacrum (Depths:2)
  39 ugly things
  19 wolf spiders
  20 deep elf zephyrmancers
  A frost giant zombie (Depths:1)
  6 orc sorcerers
  2 cyclopes (shapeshifter)
  3 cyclopes
  12 moths of wrath
  3 salamanders (Depths:1)
  4 manticores
  3 meliai (Spider:4)
  An ice statue (IceCv)
  A meliai (shapeshifter) (D:14)
  3 black mambas
  A kobold blastminer (Orc:1)
  14 elephants
  3 water nymphs (Zot:3)
  21 vault sentinels
  A gargoyle (D:10)
  3 torpor snails
  A titan simulacrum (Depths:1)
  A hellion (Depths:4)
  13 cane toads
  3 rime drakes
  A torpor snail (shapeshifter) (Vaults:5)
  A yaktaur (shapeshifter) (Depths:2)
  3 kobold demonologists
  2 unseen horrors
  60 yaktaurs
  4 swamp worm zombies (Swamp:4)
  An efreet (D:14)
  4 freezing wraiths
  2 tormentors
  7 komodo dragons
  3 ice devils
  4 hydra zombies (Swamp:4)
  Psyche (D:12)
  3 tengu conjurers
  5 trolls
  A golden dragon simulacrum (Depths:3)
  A tengu simulacrum (Depths:3)
  A bloated husk (Swamp:4)
  Prince Ribbit (Lair:2)
  7 polar bears
  17 blink frogs
  A glass eye (D:15)
  17 hornets
  14 tarantellas
  11 tyrant leeches
  2 dream sheep (shapeshifter)
  An air elemental (Elf:3)
  20 jumping spiders
  7 shadows
  54 slime creatures
  A ynoxinul (Depths:4)
  11 culicivoras
  An ettin skeleton (Vaults:1)
  19 yaks
  2 vampires
  22 spriggans
  2 wraiths (D:12)
  2 wyverns
  3 tyrant leech zombies (Swamp:4)
  3 water elementals (Elf:1)
  2 fire bats (Lair:4)
  2 wargs
  5 fire elementals
  4 basilisks
  2 steam dragons
  2 hogs (Lair:5)
  48 redbacks
  A tengu zombie (Depths:1)
  4 vampire mosquitoes
  An acid dragon (D:12)
  A naga (Elf:2)
  11 swamp worms
  2 great orb of eyes simulacra (IceCv)
  11 water moccasins
  2 glowing shapeshifter skeletons
  5 hell hounds (Zot:4)
  Duvessa (D:6)
  An ogre skeleton (Vaults:2)
  2 swamp drakes
  41 orc warriors
  6 black bears
  2 sky beasts
  An elf simulacrum (Vaults:1)
  3 human zombies
  2 ettin simulacra (Depths:3)
  2 laughing skulls (D:14)
  12 ogres
  3 swamp dragon zombies (Swamp:4)
  A centaur (shapeshifter) (D:14)
  47 wolves
  8 boggarts
  17 centaurs
  5 phantoms (Swamp:4)
  5 slime creature simulacra (IceCv)
  8 bullfrogs
  6 kobold brigands
  4 gnoll sergeants
  3 earth elementals
  3 scorpions
  7 wights
  2 glowing shapeshifter simulacra (IceCv)
  A hornet simulacrum (D:15)
  Dowan (D:6)
  19 killer bees
  5 electric eels
  A lava snake (Lair:4)
  3 gnoll boudas
  2 hounds (D:5)
  3 bombardier beetles
  20 orc priests
  An iron imp (Zot:5)
  6 jellies
  A sleepcap (D:6)
  4 iguanas
  29 orc wizards
  3 shapeshifter simulacra (IceCv)
  Robin (D:2)
  31 gnolls
  4 river rats
  11 adders
  A white imp (D:6)
  3 dart slugs
  A ribbon worm (D:4)
  92 orcs
  10 ball pythons
  18 endoplasms
  12 giant cockroaches
  16 goblins
  11 hobgoblins
  8 jackals (D:2)
  5 quokkas
  4 bats
  7 frilled lizards
  26 kobolds
  25 rats
  3 aspiring fleshes
2072 creatures vanquished.

Vanquished Creatures (collateral kills)
  Parghit (Zot:3)
  Saint Roka (Orc:2)
  Margery (Vaults:3)
  Nikola (Spider:2)
  Rupert (Lair:3)
  A hellephant (Vaults:3)
  Mlioglotl (Swamp:2)
  A storm dragon (Zot:3)
  Donald (Spider:2)
  A fire giant (Vaults:3)
  A vault warden (Vaults:4)
  2 ghost moths (Zot:3)
  A broodmother (Orc:2)
  2 war gargoyles (Vaults:4)
  A spark wasp (Depths:2)
  A crystal guardian (Vaults:3)
  An entropy weaver (Spider:1)
  A peacekeeper (Vaults:4)
  5 hydras
  A spriggan air mage (Depths:2)
  2 alligators (Swamp:4)
  An orc high priest (Orc:1)
  A deep elf knight (Elf:2)
  A hell knight (Vaults:3)
  A pharaoh ant (Spider:4)
  A spriggan druid (Swamp:4)
  An arcanist (Vaults:4)
  5 deep trolls
  A deep elf archer (Elf:1)
  An ironbound convoker (Vaults:4)
  A wolf spider (Spider:4)
  A deep elf zephyrmancer (Elf:1)
  An orc knight (Orc:1)
  3 moths of wrath
  A storm dragon simulacrum (Depths:2)
  A troll (Elf:2)
  2 tarantellas (Spider:4)
  A shadow dragon simulacrum (Depths:2)
  2 tyrant leeches
  A hornet (Depths:2)
  A blink frog (Elf:2)
  2 culicivoras (Spider:4)
  3 jumping spiders
  A spriggan (Depths:2)
  3 redbacks
  A swamp worm (Swamp:2)
  A slime creature simulacrum (IceCv)
  A frilled lizard (Orc:2)
68 creatures vanquished.

Vanquished Creatures (others)
  A hydra (Swamp:1)
  A deep elf knight (Elf:1)
  A bog body (Swamp:1)
  2 deep elf zephyrmancers (Elf:3)
  A sphinx simulacrum (Depths:2)
  3 bloated husks
  A water elemental (Elf:3)
  A human (Lair:5)
  A black bear (Zot:2)
  6 spectral weapons
18 creatures vanquished.

Grand Total: 2158 creatures vanquished

Notes
Turn   | Place    | Note
-------+----------+-------------------------------------------
     0 | D:1      | shadowrider38 the Hill Orc Gladiator began the quest for
                  | the Orb.
     0 | D:1      | Reached XP level 1. HP: 18/18 MP: 1/1
   185 | D:1      | Reached XP level 2. HP: 25/25 MP: 2/2
   388 | D:1      | Reached skill level 3 in Fighting
   810 | D:1      | Reached XP level 3. HP: 31/31 MP: 3/3
  1550 | D:2      | Reached XP level 4. HP: 38/38 MP: 4/4
  2205 | D:2      | Noticed Robin
  2227 | D:2      | Reached XP level 5. HP: 46/46 MP: 5/5
  2233 | D:2      | Killed Robin
  3849 | D:4      | Reached XP level 6. HP: 51/53 MP: 6/6
  4070 | D:4      | Found a burning altar of Makhleb.
  4833 | D:5      | Entered Level 5 of the Dungeon
  4851 | D:5      | Noticed a vampire
  4969 | D:5      | Reached XP level 7. HP: 61/63 MP: 3/7
  5134 | D:5      | Killed a vampire
  5222 | D:5      | Reached skill level 3 in Armour
  5225 | D:5      | Reached skill level 3 in Shields
  5826 | D:5      | Reached XP level 8. HP: 70/70 MP: 6/8
  5854 | D:5      | Found a sparkling altar of Nemelex Xobeh.
  5884 | D:5      | Became a worshipper of Nemelex Xobeh the Trickster
  5903 | D:5      | Found a blossoming altar of Fedhas.
  6170 | D:6      | Found a glowing drain.
  6193 | Sewer    | Entered a sewer
  6516 | Sewer    | Found a viscous altar of Jiyva.
  6530 | Sewer    | Identified the +8 trident "Acsuis" {heavy, rPois Dex+4}
  6602 | D:6      | Found a staircase to the Ecumenical Temple.
  6623 | Temple   | Entered the Ecumenical Temple
  6862 | D:6      | Reached skill level 3 in Polearms
  7120 | D:6      | Noticed Dowan
  7550 | D:6      | Reached * piety under Nemelex Xobeh
  7889 | D:6      | Noticed Duvessa
  7914 | D:6      | Killed Duvessa
  7916 | D:6      | Killed Dowan
  7941 | D:6      | Reached XP level 9. HP: 78/78 MP: 9/9
  8068 | D:7      | Found Qexzall's Book Emporium.
  8297 | D:7      | Found a basalt altar of Yredelemnul.
  8437 | D:7      | Received a gift from Nemelex Xobeh
  8438 | D:7      | Found a hide-covered altar of Uskayaw.
  8692 | D:7      | Reached skill level 1 in Invocations
  8788 | D:7      | Reached skill level 2 in Invocations
  9039 | D:8      | Reached skill level 9 in Polearms
  9194 | D:8      | Reached skill level 3 in Invocations
  9692 | D:8      | Reached ** piety under Nemelex Xobeh
 10095 | D:9      | Reached XP level 10. HP: 77/86 MP: 10/12
 10212 | D:9      | Reached skill level 4 in Invocations
 10302 | D:9      | Found an ancient bone altar of Kikubaaqudgha.
 10402 | D:9      | Received a gift from Nemelex Xobeh
 10535 | D:9      | Reached skill level 3 in Dodging
 10669 | D:9      | Found a staircase to the Lair.
 10836 | D:10     | Entered Level 10 of the Dungeon
 11071 | D:10     | Reached *** piety under Nemelex Xobeh
 11083 | D:10     | Noticed a gargoyle
 11191 | D:10     | Noticed a two-headed ogre
 11194 | D:10     | Killed a two-headed ogre
 11195 | D:10     | Reached skill level 5 in Invocations
 11523 | D:10     | Noticed a two-headed ogre
 11527 | D:10     | Killed a two-headed ogre
 11528 | D:10     | Reached skill level 6 in Invocations
 11548 | D:10     | Killed a gargoyle
 12083 | Lair:1   | Entered Level 1 of the Lair of Beasts
 12094 | Lair:1   | Reached skill level 7 in Invocations
 12116 | Lair:1   | Reached XP level 11. HP: 74/94 MP: 12/16
 12370 | Lair:1   | Reached skill level 8 in Invocations
 13108 | Lair:1   | Received a gift from Nemelex Xobeh
 13235 | Lair:1   | Reached skill level 3 in Throwing
 13458 | Lair:1   | Noticed a six-headed hydra
 13820 | Lair:2   | Reached skill level 9 in Invocations
 13902 | Lair:2   | Reached **** piety under Nemelex Xobeh
 13927 | Lair:2   | Reached skill level 3 in Evocations
 14072 | Lair:2   | Reached skill level 9 in Fighting
 14072 | Lair:2   | Reached XP level 12. HP: 87/104 MP: 14/18
 14131 | Lair:2   | Found a hole to the Spider Nest.
 14217 | Lair:2   | Received a gift from Nemelex Xobeh
 14224 | Lair:2   | Noticed Fannar
 14230 | Lair:2   | Noticed Prince Ribbit
 14233 | Lair:2   | Killed Fannar
 14249 | Lair:2   | Killed Prince Ribbit
 14689 | Lair:2   | Reached skill level 10 in Invocations
 15011 | Lair:3   | Noticed a four-headed hydra
 15011 | Lair:3   | Received a gift from Nemelex Xobeh
 15162 | Lair:3   | a four-headed hydra changed into a tarantella
 15598 | Lair:3   | Reached skill level 11 in Invocations
 15806 | Lair:3   | Noticed a six-headed hydra
 15817 | Lair:3   | Killed a six-headed hydra
 16278 | Lair:3   | Received a gift from Nemelex Xobeh
 16285 | Lair:3   | Noticed Rupert
 16294 | Lair:3   | Noticed a seven-headed hydra
 16299 | Lair:3   | Killed Rupert
 16300 | Lair:3   | Reached skill level 12 in Invocations
 16300 | Lair:3   | Reached XP level 13. HP: 117/117 MP: 20/22
 16340 | Lair:3   | Found a staircase to the Swamp.
 16413 | Lair:3   | Reached ***** piety under Nemelex Xobeh
 16911 | Lair:4   | Reached skill level 13 in Invocations
 17114 | Lair:4   | Found a runed translucent door.
 17116 | Lair:4   | Noticed ojifijod's ghost (journeyman DrMo)
 17117 | Lair:4   | Identified the +11 spear of Wesukkim {antimagic, ^Drain
                  | Will+ Str+6}
 17237 | Lair:4   | Received a gift from Nemelex Xobeh
 17856 | Lair:5   | Entered Level 5 of the Lair of Beasts
 17856 | Lair:5   | Received a gift from Nemelex Xobeh
 17861 | Lair:5   | Found a viscous altar of Jiyva.
 17916 | Lair:4   | Reached skill level 14 in Invocations
 18708 | Lair:5   | Found a shimmering altar of Xom.
 18867 | Lair:5   | Reached skill level 15 in Invocations
 18964 | Lair:5   | Noticed Kirke
 19007 | Lair:5   | Killed Kirke
 19204 | Lair:5   | Reached XP level 14. HP: 113/133 MP: 21/25
 19210 | Lair:5   | Reached skill level 15 in Fighting
 20730 | D:11     | Noticed Sonja
 20731 | D:11     | Sonja changed into Sonja the basilisk
 20731 | D:11     | Noticed Sonja
 20733 | D:11     | Killed Sonja the basilisk
 20879 | D:11     | Found a frozen archway.
 20889 | D:11     | Received a gift from Nemelex Xobeh
 20896 | IceCv    | Entered an ice cave
 21111 | IceCv    | Got the Catalogue of Rime
 21166 | IceCv    | Noticed a quicksilver ooze
 21169 | IceCv    | Killed a quicksilver ooze
 21204 | IceCv    | Noticed a quicksilver ooze
 21213 | IceCv    | Killed a quicksilver ooze
 22082 | IceCv    | Reached skill level 16 in Invocations
 22189 | IceCv    | Found a viscous altar of Jiyva.
 22189 | IceCv    | Noticed an azure jelly
 22192 | IceCv    | Killed an azure jelly
 22193 | IceCv    | Noticed an azure jelly
 22197 | IceCv    | an azure jelly changed into a moth of wrath
 22250 | IceCv    | Identified the +3 ring mail "Bafam" {rCorr}
 22258 | IceCv    | Got the ring of Pued {Ice rElec}
 22975 | D:11     | Found a staircase to the Orcish Mines.
 23276 | Orc:1    | Entered Level 1 of the Orcish Mines
 23682 | Orc:1    | Found a roughly hewn altar of Beogh.
 23747 | Orc:2    | Entered Level 2 of the Orcish Mines
 23757 | Orc:2    | Noticed Saint Roka
 24261 | D:12     | Noticed Psyche
 24264 | D:12     | Reached skill level 17 in Invocations
 24541 | D:12     | You fall into a shaft and drop 1 floor!
 24560 | D:13     | Found a glowing silver altar of Zin.
 24599 | D:13     | Received a gift from Nemelex Xobeh
 24617 | D:13     | Reached XP level 15. HP: 123/141 MP: 24/27
 24825 | D:13     | Received a gift from Nemelex Xobeh
 25053 | D:12     | Killed Psyche
 25824 | D:13     | Reached skill level 18 in Invocations
 26174 | D:13     | Received a gift from Nemelex Xobeh
 27530 | D:14     | Noticed Lodul
 27541 | D:14     | Killed Lodul
 27637 | D:14     | Received a gift from Nemelex Xobeh
 27730 | D:14     | Reached skill level 9 in Armour
 27976 | D:14     | Found a gate to the Vaults.
 29521 | Orc:2    | Noticed an orc warlord
 29885 | Orc:2    | an orc warlord changed into a broodmother
 29890 | Orc:2    | Killed Saint Roka
 29891 | Orc:2    | Reached skill level 19 in Invocations
 30295 | Orc:2    | Reached skill level 9 in Axes
 30454 | Orc:2    | Found a roughly hewn altar of Beogh.
 30632 | Orc:2    | Found a staircase to the Elven Halls.
 30758 | Orc:2    | Found Xecior's Antique Armour Shop.
 30759 | Orc:2    | Found Loennef's Antique Weapon Boutique.
 30761 | Orc:2    | Found Atethof's General Store.
 30761 | Orc:2    | Found Naofur's Book Shop.
 30766 | Orc:2    | Bought a scroll of fog for 48 gold pieces
 30840 | Orc:2    | Received a gift from Nemelex Xobeh
 30977 | Orc:2    | Bought a pair of embroidered gloves for 270 gold pieces
 31656 | Swamp:1  | Entered Level 1 of the Swamp
 31978 | Swamp:1  | Reached XP level 16. HP: 120/151 MP: 22/29
 32340 | Swamp:1  | Noticed Frances
 32349 | Swamp:1  | Killed Frances
 33752 | Swamp:2  | Noticed Mlioglotl
 33758 | Swamp:2  | Killed Mlioglotl
 34168 | Swamp:2  | Received a gift from Nemelex Xobeh
 34694 | Swamp:3  | Identified the staff "Byocw" {rF++ Int+2 Dex-5 Earth}
 34707 | Swamp:3  | Noticed a tentacled monstrosity
 34745 | Swamp:3  | Killed a tentacled monstrosity
 35352 | Spider:1 | Entered Level 1 of the Spider Nest
 35364 | Lair:2   | Reached skill level 15 in Axes
 36437 | Spider:1 | Reached skill level 9 in Shields
 37504 | Spider:2 | Noticed Nikola
 37514 | Spider:2 | Killed Nikola
 37711 | Spider:2 | Identified the serpent talisman of the Orange Skies {rN+
                  | Int+3}
 37711 | Spider:2 | Noticed Aizul
 37739 | Spider:2 | Killed Aizul
 37740 | Spider:2 | Reached XP level 17. HP: 93/158 MP: 25/30
 37947 | Spider:2 | Noticed Roxanne
 38127 | Spider:2 | Received a gift from Nemelex Xobeh
 38143 | Spider:2 | Noticed Donald
 38163 | Spider:2 | Killed Donald
 39200 | Spider:2 | Killed Roxanne
 40902 | Spider:3 | Identified the +11 sling of Noon {freeze, *Slow rF+ Str+4
                  | SInv}
 41431 | Elf:1    | Entered Level 1 of the Elven Halls
 41983 | Elf:1    | Found a transporter.
 42023 | Elf:1    | Found a transporter.
 42131 | Elf:1    | Found a transporter.
 42161 | Elf:1    | Found a transporter.
 42163 | Elf:1    | Received a gift from Nemelex Xobeh
 42444 | Elf:1    | Reached skill level 20 in Invocations
 42583 | Elf:1    | Got the Anthology of Arcane Weapons
 42657 | Elf:1    | Found a transporter.
 42658 | Elf:1    | Found a transporter.
 42668 | Elf:1    | Found Ypeeluss's Antique Weapon Boutique.
 42902 | Elf:1    | Received a gift from Nemelex Xobeh
 43028 | Elf:1    | Reached ****** piety under Nemelex Xobeh
 44015 | Elf:2    | Identified the +12 quarterstaff of Tutsoa {drain, Will+}
 44036 | Elf:2    | Found Ugadaunt's Book Emporium.
 44287 | Elf:2    | Received a gift from Nemelex Xobeh
 44333 | Elf:2    | Found a portal to a secret trove of treasure.
 44344 | Elf:2    | Found a runed translucent gate.
 44345 | Elf:2    | Found a runed translucent gate.
 44350 | Elf:2    | Found a runed translucent gate.
 44443 | Elf:2    | Received a gift from Nemelex Xobeh
 45097 | Elf:2    | Reached XP level 18. HP: 157/170 MP: 28/32
 48727 | Swamp:4  | Entered Level 4 of the Swamp
 49026 | Swamp:4  | Received a gift from Nemelex Xobeh
 49037 | Swamp:4  | Identified the +0 quarterstaff of Sualuuby {freeze, rN+
                  | Dex+3 Stlth+}
 50082 | Swamp:4  | Noticed a bone dragon
 50090 | Swamp:4  | Killed a bone dragon
 50731 | Swamp:4  | Received a gift from Nemelex Xobeh
 50745 | Swamp:4  | Got a decaying rune of Zot
 51010 | Spider:4 | Entered Level 4 of the Spider Nest
 51070 | Spider:4 | Reached skill level 21 in Invocations
 51895 | Spider:4 | Reached XP level 19. HP: 98/174 MP: 24/33
 51902 | Spider:4 | Identified the +2 helmet of the Spheres {rC+ rN+ Str+3}
 54500 | Spider:4 | Got a gossamer rune of Zot
 54508 | Spider:4 | Identified the +1 hat "Uhawiy" {rElec Int-4 Dex+3}
 54943 | Vaults:1 | Entered Level 1 of the Vaults
 55109 | Vaults:1 | Reached skill level 22 in Invocations
 55117 | Vaults:1 | Reached skill level 9 in Throwing
 55390 | Vaults:1 | Received a gift from Nemelex Xobeh
 55480 | Vaults:1 | Noticed Asterion
 55482 | Vaults:1 | Identified the +0 long sword "Demonbane" {venom, rN+ SInv}
 55485 | Vaults:1 | Killed Asterion
 55538 | Vaults:1 | Found Axzikh's Weapon Shop.
 55757 | Vaults:1 | Reached skill level 15 in Armour
 56451 | Vaults:1 | Received a gift from Nemelex Xobeh
 56799 | Vaults:1 | Got Lamaxko's Omnibus of Bruises
 57160 | Vaults:1 | Received a gift from Nemelex Xobeh
 57409 | Vaults:2 | Reached skill level 23 in Invocations
 57409 | Vaults:2 | Reached XP level 20. HP: 165/187 MP: 31/35
 57486 | Vaults:2 | Paralysed by a formless jellyfish for 1 turns
 57733 | Vaults:2 | Received a gift from Nemelex Xobeh
 58210 | Vaults:2 | Identified the +9 scimitar of Pisyt {venom, Fly Will++}
 59465 | Vaults:2 | Received a gift from Nemelex Xobeh
 60153 | Vaults:2 | Identified a scroll of acquirement
 60158 | Vaults:2 | Acquired a ring of willpower
 60547 | Vaults:3 | Found a staircase to the Crypt.
 60676 | Vaults:3 | Received a gift from Nemelex Xobeh
 60708 | Vaults:3 | Identified the +8 sling of Iklez {speed, Fly}
 60955 | Vaults:3 | Noticed a hellephant
 60959 | Vaults:3 | Noticed Margery
 60977 | Vaults:3 | Killed Margery
 60978 | Vaults:3 | Reached skill level 24 in Invocations
 60983 | Vaults:3 | Killed a hellephant
 60985 | Vaults:3 | Reached XP level 21. HP: 81/198 MP: 15/37
 61529 | Vaults:3 | Noticed Zenata
 61546 | Vaults:3 | Killed Zenata
 61709 | Vaults:3 | Found Udwucvent's Weapon Shop.
 61785 | Vaults:3 | Received a gift from Nemelex Xobeh
 62026 | Vaults:3 | Found Kobou's Magic Scroll Boutique.
 62036 | Vaults:3 | Bought a scroll of enchant armour for 112 gold pieces
 62036 | Vaults:3 | Bought a scroll of enchant weapon for 112 gold pieces
 62036 | Vaults:3 | Bought a scroll of summoning for 142 gold pieces
 62036 | Vaults:3 | Bought a scroll of summoning for 142 gold pieces
 62036 | Vaults:3 | Bought a scroll of acquirement for 780 gold pieces
 62040 | Vaults:3 | Acquired the +1 pair of boots of Ewnewel {Harm rF+ Will+}
 62682 | Vaults:4 | Received a gift from Nemelex Xobeh
 63358 | Vaults:4 | Reached skill level 25 in Invocations
 63379 | Vaults:4 | Found a flickering gateway to a bazaar.
 63385 | Bazaar   | Entered a bazaar
 63592 | Bazaar   | Found Sapsiuf's Weapon Boutique.
 63592 | Bazaar   | Found Pivi's Weapon Boutique.
 63619 | Bazaar   | Found Ukarhaj's Magic Scroll Shop.
 63668 | Bazaar   | Found Leluma's Book Boutique.
 63708 | Bazaar   | Bought a throwing net for 30 gold pieces
 63725 | Bazaar   | Bought a scroll of revelation for 112 gold pieces
 63725 | Bazaar   | Bought a scroll of teleportation for 45 gold pieces
 63725 | Bazaar   | Bought a scroll of teleportation for 45 gold pieces
 63725 | Bazaar   | Bought a scroll of revelation for 112 gold pieces
 63725 | Bazaar   | Bought a scroll of vulnerability for 60 gold pieces
 63727 | Bazaar   | Bought a scroll of immolation for 60 gold pieces
 63969 | Vaults:4 | Identified the +7 spear "Gateteuts" {freeze, rPois Will++
                  | Int+3}
 64456 | Vaults:4 | Received a gift from Nemelex Xobeh
 64775 | Elf:3    | Entered Level 3 of the Elven Halls
 65904 | Elf:3    | Identified the +0 leather armour of Disappointment {rPois
                  | rN+ MP+9 Str+3}
 66034 | Elf:3    | Identified the ring of Paranoia {rElec rF- Str+6 Dex+6}
 66053 | Elf:3    | Found the ring of the Octopus King {rF+ HP+2 AC+2 EV+2
                  | SH+2}
 66455 | Elf:3    | Reached XP level 22. HP: 209/209 MP: 38/38
 66886 | Elf:3    | Identified the amulet "Vyatt" {Faith +Blink rF+ Will+
                  | rCorr}
 66901 | Elf:3    | Reached skill level 15 in Shields
 68143 | Elf:3    | Received a gift from Nemelex Xobeh
 68203 | Elf:3    | Got Sif Muna's Compendium of the Legion and the Salvo
 68249 | Elf:3    | Identified the +10 triple sword "Xafruc" {elec, rC- Int+5
                  | SInv Stlth+}
 68249 | Elf:3    | Identified the ring "Hatt" {rN+ Int+6}
 68264 | Elf:3    | Identified the ring "Wuefic" {rC+ rCorr Int+2}
 68271 | Elf:3    | Identified the +1 helmet of Beohot {Regen+}
 68625 | D:15     | Entered Level 15 of the Dungeon
 68646 | D:15     | Received a gift from Nemelex Xobeh
 68763 | D:15     | Reached skill level 26 in Invocations
 68936 | D:15     | Received a gift from Nemelex Xobeh
 68944 | D:15     | Found a staircase to the Depths.
 68976 | D:15     | Found a sacrificial altar of Ru.
 69340 | D:15     | Identified the +5 short sword of the End {drain, ^Contam
                  | +Blink rC+++ rCorr}
 69350 | D:15     | Identified the +5 short sword "Natec" {freeze, Str-4 Int+2
                  | Dex+2}
 69370 | D:15     | Received a gift from Nemelex Xobeh
 69389 | D:15     | Found an ornate altar of the Wu Jian Council.
 69639 | Depths:1 | Entered Level 1 of the Depths
 69639 | Depths:1 | Received a gift from Nemelex Xobeh
 69741 | Depths:1 | Reached skill level 9 in Evocations
 70813 | D:15     | Reached skill level 27 in Invocations
 71312 | Depths:1 | Found a white marble altar of Elyvilon.
 71449 | Depths:1 | Found a gateway to Hell.
 71539 | Depths:1 | Found Goapneg's Antique Weapon Shoppe.
 71540 | Depths:1 | Received a gift from Nemelex Xobeh
 71660 | Depths:1 | Identified the +0 ring mail "Plog" {rF+ Dex+3}
 71685 | Depths:1 | Found a one-way gate leading to the halls of Pandemonium.
 72418 | Depths:2 | Found Miuhir's Distillery.
 72418 | Depths:2 | Found Uzxeg's Distillery.
 72418 | Depths:2 | Received a gift from Nemelex Xobeh
 72418 | Depths:2 | Identified the staff of Ytwie {rF+ rC+ Str+3 Ice}
 72418 | Depths:2 | Identified the ring "Hoch" {Ice +Blink rElec}
 72418 | Depths:2 | Noticed Josephina
 72438 | Depths:2 | Killed Josephina
 72654 | Depths:2 | Bought a potion of heal wounds for 80 gold pieces
 72654 | Depths:2 | Bought 2 potions of heal wounds for 160 gold pieces
 72654 | Depths:2 | Bought a potion of cancellation for 128 gold pieces
 72660 | Depths:2 | Bought 2 potions of might for 168 gold pieces
 72660 | Depths:2 | Bought a potion of resistance for 210 gold pieces
 72911 | Depths:2 | Identified the +1 robe "Zyebau" {rElec Regen+ Str-3 Dex+2}
 73414 | Depths:2 | Found a one-way gateway to a ziggurat.
 73633 | Depths:2 | Reached XP level 23. HP: 186/215 MP: 40/40
 73835 | Depths:2 | Received a gift from Nemelex Xobeh
 74755 | Depths:3 | Received a gift from Nemelex Xobeh
 75282 | Depths:3 | Found a one-way gate to the infinite horrors of the Abyss.
 75420 | Depths:3 | Found a radiant altar of Vehumet.
 75613 | Depths:3 | Received a gift from Nemelex Xobeh
 75930 | Depths:3 | Paralysed by a wendigo for 1 turns
 76532 | Depths:4 | Entered Level 4 of the Depths
 76561 | Depths:4 | Received a gift from Nemelex Xobeh
 77253 | Depths:4 | Noticed a juggernaut
 77312 | Depths:4 | Killed a juggernaut
 77905 | Depths:4 | Reached XP level 24. HP: 163/224 MP: 40/40
 78053 | Depths:4 | Found a gate to the Realm of Zot.
 78302 | Depths:4 | Noticed Sojobo
 78506 | Depths:4 | Killed Sojobo
 78515 | Depths:4 | Found an iron altar of Okawaru.
 78648 | Depths:4 | Received a gift from Nemelex Xobeh
 79469 | Vaults:5 | Entered Level 5 of the Vaults
 80564 | Vaults:5 | Identified the ring "Xioly" {rPois EV+5}
 81053 | Vaults:5 | Found Deor Simn's Distillery.
 81054 | Vaults:5 | Found Porchiner's Distillery.
 81078 | Vaults:5 | Bought a potion of might for 80 gold pieces
 81078 | Vaults:5 | Bought a potion of might for 80 gold pieces
 81082 | Vaults:5 | Bought a potion of heal wounds for 105 gold pieces
 81082 | Vaults:5 | Bought a potion of haste for 210 gold pieces
 81082 | Vaults:5 | Bought a potion of heal wounds for 105 gold pieces
 81102 | Vaults:5 | Noticed a dread lich
 81302 | Vaults:5 | Killed a dread lich
 81420 | Vaults:5 | Received a gift from Nemelex Xobeh
 81621 | Vaults:5 | Noticed an ancient lich
 81644 | Vaults:5 | Killed an ancient lich
 81846 | Vaults:5 | Reached XP level 25. HP: 153/231 MP: 40/40
 82041 | Vaults:5 | Identified the +7 spear of Intimidation {chaos, Dex+3 SInv
                  | Stlth-}
 82335 | Vaults:5 | Acquired 847 gold pieces
 82391 | Vaults:5 | Identified the +1 chain mail of the Dropbear {Stlth+}
 82731 | Vaults:5 | Found Riwiggyst's Distillery.
 82736 | Vaults:5 | Bought a potion of resistance for 170 gold pieces
 82736 | Vaults:5 | Bought 2 potions of invisibility for 272 gold pieces
 82736 | Vaults:5 | Bought a potion of might for 68 gold pieces
 82799 | Vaults:5 | Identified the +3 dagger of the Fuzzy God {elec, SInv}
 82906 | Vaults:5 | Got a silver rune of Zot
 83216 | Zot:1    | Entered Level 1 of the Realm of Zot
 83216 | Zot:1    | Received a gift from Nemelex Xobeh
 83711 | Zot:3    | Noticed Parghit
 83731 | Zot:3    | Killed Parghit
 84121 | Zot:3    | Identified the +3 glaive of Modesty {speed, rPois MP+9}
 84514 | Zot:2    | Reached skill level 21 in Fighting
 85070 | Zot:4    | Reached skill level 21 in Armour
 85070 | Zot:4    | Reached skill level 21 in Shields
 85081 | Zot:5    | Entered Level 5 of the Realm of Zot
 85091 | Zot:5    | Received a gift from Nemelex Xobeh
 85758 | Zot:5    | Noticed a dread lich
 85775 | Zot:5    | Killed a dread lich
 85781 | Zot:5    | Noticed an ancient lich
 85795 | Zot:5    | Killed an ancient lich
 86522 | Zot:5    | Noticed an orb of fire
 86530 | Zot:5    | Gained mutation: Your magical capacity is low. (-10% MP)
                  | [an orb of fire]
 86535 | Zot:5    | Killed an orb of fire
 86535 | Zot:5    | Noticed a Killer Klown
 86554 | Zot:5    | Killed a Killer Klown
 86653 | Zot:5    | Noticed a Killer Klown
 86664 | Zot:5    | Reached XP level 26. HP: 236/246 MP: 36/36
 86669 | Zot:5    | Noticed an orb of fire
 86685 | Zot:5    | Killed an orb of fire
 86754 | Zot:5    | Noticed a dread lich
 86762 | Zot:5    | Killed a dread lich
 86856 | Zot:5    | Noticed a Killer Klown
 86875 | Zot:5    | Killed a Killer Klown
 86884 | Zot:5    | Killed a Killer Klown
 88176 | Zot:5    | Received a gift from Nemelex Xobeh
 88180 | Zot:5    | Got the Orb of Zot
 88226 | Zot:5    | Noticed Igyus the pandemonium lord
 88236 | Zot:5    | Killed Igyus the pandemonium lord
 88765 | D:$      | Escaped with the Orb!

Illustrated notes

Levels and vault maps discovered:
D:1:      dpeg_arrival_round_c, layout_loops_ring, minmay_cupped
D:2:      minmay_recursive_quarters, layout_basic, uniq_robin
D:3:      layout_loops_cross
D:4:      layout_basic, mainiacjoe_overflow_catwalk
D:5:      layout_loops_ring, nemelex_xobeh_ov_fountains_minmay,
          fedhas_altar_fruit_tree, corexii_leaking_fountain
D:6:      layout_layer_cave, minmay_temple_entry_offerings,
          gup_sewer_entry_pipe, uniq_duvessa
D:7:      layout_loops_cross, nicolae_uskayaw_murder_on_the_dancefloor,
          mainiacjoe_overflow_24_doors, serial_shops, nicolae_diamond_shop,
          minivault_25, serial_library_hellmonk_junction,
          nicolae_figureground_pulse
D:8:      layout_loops_corners
D:9:      layout_rooms, nicolae_kikubaaqudgha_miasma_corner, dpeg_oklobed_lair
D:10:     layout_loops_corners, dk_rats_in_the_wall
D:11:     layout_long_grid, david_orc_2, portal_ice_cave_demonic_guard,
          reono_crystal_passage, uniq_sonja
D:12:     layout_loops_ring, uniq_psyche
D:13:     layout_gridville, minmay_misc_feat_alley, zin_treasury
D:14:     layout_basic, david_vaults_4, uniq_lodul
D:15:     hangedman_depths_entry_civil_slaughter, layout_irregular_city,
          nicolae_ru_awakened_eye, nzn_wu_jian_contemplation
Temple:   nicolae_temple_x_marks_the_god
Lair:1:   layout_roguey, grunt_megastairs_1
Lair:2:   layout_long_grid, spider_nest_entry_a, grunt_megastairs_3,
          uniq_fannar, uniq_prince_ribbit2
Lair:3:   layout_misc_corridors, palyth_hydra_swamp_entry, uniq_rupert
Lair:4:   layout_gridlike, ebering_ghost_funeral_grove
Lair:5:   minmay_lair_end_enchanted_forest, layout_loops_ring,
          minmay_slime_entry_oklob_open, basic_altar, serial_bayou_shore_a,
          grunt_megastairs_4, uniq_kirke
Swamp:1:  layout_basic_swamp, nicolae_swamp_triple_paths,
          nicolae_swamp_decorative_isthmus, infiniplex_staircase_pool,
          uniq_frances
Swamp:2:  layout_basic_swamp, evilmike_swamp_ruin_house_4, swamp_pool_1_2,
          uniq_mlioglotl
Swamp:3:  layout_falls_marsh, hangedman_swamp_cone, swamp_pool_4
Swamp:4:  swamp_pestilence, layout_basic_swamp
Spider:1: layout_spider_delve, hellmonk_watch_for_rolling_rocks
Spider:2: layout_spider_delve, uniq_donald, uniq_roxanne, uniq_nikola,
          uniq_aizul
Spider:3: layout_spider_delve, nicolae_spider_bzzzt
Spider:4: grunt_spider_rune_circles, drop_trap, nicolae_crawler_farm
Orc:1:    layout_diamond_mine, minmay_orc_temple_b
Orc:2:    st_orc_congregation, layout_caves, basic_altar, uniq_saint_roka
Elf:1:    elf_arrival_002, layout_gridlike, infiniplex_enter_wizlab_water,
          serial_shops, shop, minmay_elf_annihilation, serial_nicolae_subway,
          nicolae_sub_station_crystal, nicolae_sub_station_metal,
          nicolae_sub_station_stone
Elf:2:    nicolae_elf_blades_splatter_lattice
          [nicolae_vaults_blade_armed_guards], layout_onion_city, serial_shops,
          nicolae_shop_rolling_square, enter_trove_3
Elf:3:    elf_hall, layout_geoelf_octagon
Vaults:1: hangedman_vaults_river_flow, nicolae_vaults_double_plus_1,
          nicolae_vaults_network_square, ontoclasm_vaults_misaligned,
          vaults_room_hangedman_quadrants,
          nicolae_vaults_taking_the_gang_shopping, vaults_room_stairs_pillars,
          vaults_mumra_hex, nicolae_vaults_surprise_closet,
          nicolae_vaults_apartment_1, layout_vaults_chaotic_city, uniq_asterion
Vaults:2: nicolae_vaults_quartermaster, nicolae_vaults_disjoint_gnomons,
          v_misc_15, nicolae_vaults_closet_pinwheel_2,
          ontoclasm_vaults_ring_large, v_misc_28, ontoclasm_vaults_ring_small,
          hangedman_vaults_stretched_pinwheel, vaults_dpeg_hooks,
          nicolae_vaults_storage_closets_3,
          serial_library_hellmonk_reading_circle, hangedman_vaults_cutoff,
          vaults_mumra_minichess_inversion, nicolae_vaults_apartment_2,
          nicolae_vaults_tetromino_Z_1, nicolae_vaults_apartment_2,
          layout_vaults_ring
Vaults:3: minmay_crypt_entry_simple_corners, v_misc_25, v_pattern_1,
          nicolae_vaults_little_squares_1, nicolae_vaults_tetromino_L_1,
          nicolae_vaults_trapezoid_2, grunt_vaults_funnel,
          nicolae_vaults_trapezoid_lopsided_1, layout_vaults_quadrants,
          serial_shops, shop, nicolae_shop_bloodbath_and_beyond, uniq_zenata,
          uniq_margery
Vaults:4: nicolae_vaults_ellipses_ellipsis, v_misc_32, hangedman_vaults_nails,
          nicolae_vaults_double_plus_2, nicolae_vaults_bisected_exclaves,
          serial_library_hellmonk_open_cross,
          nicolae_vaults_windows_and_doors_thing,
          nicolae_vaults_closet_pinwheel_4, layout_vaults_maze_snakey,
          serial_shops, bzr_entry_road
Vaults:5
Depths:1: layout_cave_pools, rand_demon_pan_entry_7, elyvilon_altar_5,
          serial_shops, nicolae_shop_behind_doors, hell_entry,
          kennysheep_generic_room_3
Depths:2: minmay_connected_boxes_in_corner, layout_cave_shapes,
          enter_ziggurat_f, rand_demon_pan_entry_9, pf_dread_powers_of_hell,
          minmay_shoptagon, minmay_staircase_windowed_small, uniq_josephina
Depths:3: dreamdust_isle_of_ice, layout_cave_shapes, grunt_mini_vestibule,
          vehumet_crystals, abyss_entry
Depths:4: grunt_zot_entry_gee_three, layout_gridlike, hell_entry,
          okawaru_ov_weapons_minmay, rand_demon_pan_entry_4,
          nrook_kobold_shadow_demons, uniq_sojobo
Zot:1:    layout_onion, st_small_dragon_hoard_2, st_stairs_1
Zot:2:    layout_onion, regret_index_zotdec_banners
Zot:3:    layout_misc_corridors, zot_minivault_3, uniq_parghit
Zot:4:    layout_twisted_circle, regret_index_zotdec_wing_it
Zot:5:    layout_misc_corridors

Skill      XL: |  1  2  3  4  5  6  7  8  9 10 11 12 13 14 15 16 17 18 19 20 21 22 23 24 25 26 |
---------------+-------------------------------------------------------------------------------+-----
Fighting       | 3 4 6 7 8 9 11 14 15 16 17 18 19 20 21 22 | 22.8
Axes           | 5 6 7 8 10 15 | 15.3
Armour         | 3 4 5 8 9 10 11 13 15 18 20 21 22 | 22.3
Shields        | 3 4 5 8 10 11 14 15 18 20 21 22 | 22.3
Polearms       | 6 9 11 13 | 13.2
Invocations    | 3 7 9 12 15 17 19 20 21 23 24 25 27 | 27.0
Dodging        | 3 4 6 8 |  8.0
Throwing       | 3 4 7 10 11 12 | 12.0
Evocations     | 3 5 8 12 | 12.0

Action                     |  1- 3 |  4- 6 |  7- 9 | 10-12 | 13-15 | 16-18 | 19-21 | 22-24 | 25-27 || total
---------------------------+-------+-------+-------+-------+-------+-------+-------+-------+-------++-------
  Melee: War axe           |   129 |   204 |   144 |       |       |       |       |       |       ||   477
         Punch             |     2 |     3 |       |       |       |       |       |       |       ||     5
         Trident           |       |       |   139 |   406 |  1098 |       |       |       |       ||  1643
         Broad axe         |       |       |       |       |   109 |  1360 |  1060 |  1266 |   701 ||  4496
         Demon trident     |       |       |       |       |       |       |   232 |    57 |       ||   289
  Throw: Boomerang         |     1 |     2 |     1 |     4 |     5 |       |       |       |     8 ||    21
         Throwing net      |       |     1 |     1 |       |       |       |       |       |       ||     2
         Dart              |       |       |       |     2 |     1 |     4 |       |     1 |       ||     8
 Invoke: Draw Destruction  |       |       |       |     6 |    23 |     6 |     5 |     4 |     1 ||    45
         Draw Summoning    |       |       |       |     4 |     7 |    14 |    11 |    11 |     6 ||    53
         Deal Four         |       |       |       |       |     3 |     3 |     1 |       |     1 ||     8
         Stack Five        |       |       |       |       |     1 |       |       |       |       ||     1
         Draw Escape       |       |       |       |       |     1 |       |       |       |       ||     1
Ability: Evoke Blink       |       |       |       |       |       |       |       |     1 |       ||     1
  Evoke: Wand              |       |       |       |     3 |     5 |     7 |       |     1 |     3 ||    19
         Lightning rod     |       |       |       |       |       |       |       |     5 |       ||     5
         Phantom mirror    |       |       |       |       |       |       |       |       |     1 ||     1
         Phial of floods   |       |       |       |       |       |       |       |       |     1 ||     1
    Use: Scroll            |       |     5 |     4 |     4 |    11 |    12 |     8 |     8 |     9 ||    61
         Potion            |       |     2 |       |     5 |     4 |     2 |     4 |     3 |     8 ||    28
   Stab: Held in net/web   |       |       |     1 |       |       |       |       |       |       ||     1
         Distracted        |       |       |       |       |       |     5 |     6 |     3 |     2 ||    16
         Petrifying        |       |       |       |       |       |     1 |       |       |       ||     1
         Petrified         |       |       |       |       |       |     1 |       |       |       ||     1
 Armour: Leather armour    |    16 |       |       |       |       |       |       |       |       ||    16
         Chain mail        |    33 |       |       |       |   119 |       |       |       |       ||   152
         Scale mail        |    27 |   148 |   152 |   289 |   586 |       |       |       |       ||  1202
         Plate armour      |       |       |       |       |   256 |   402 |       |       |       ||   658
         Crystal plate arm |       |       |       |       |       |   779 |  1060 |   942 |   137 ||  2918
         Gold dragon scale |       |       |       |       |       |       |       |       |   187 ||   187
  Dodge: Dodged            |    70 |    93 |   112 |   190 |   521 |   308 |   330 |   356 |   151 ||  2131
  Block: Buckler           |       |       |    42 |   139 |   423 |       |       |       |       ||   604
         Kite shield       |       |       |       |       |   102 |   584 |   576 |   253 |       ||  1515
         Reflection        |       |       |       |       |       |    14 |    42 |    26 |       ||    82
         Tower shield      |       |       |       |       |       |       |       |  1017 |   622 ||  1639
